 Dungeon Crawl Stone Soup version 0.31-a0-1603-gbec6b6ccbf (webtiles) character file.

Game seed: 12316901411100104984

865628 Laraso the Shapeless Draconian (level 26, -9/232 (243) HPs)
             Began as a Red Draconian Shapeshifter on Jan 7, 2024.
             Was the Champion of Ru.
             Mangled by a demonspawn black sun
             ... wielding a +0 demon trident
              (14 damage)
             ... in Pandemonium.
             The game lasted 03:22:26 (90669 turns).

Laraso the Shapeless Draconian (DrSh)              Turns: 90669, Time: 03:22:27

HP:   -9/232 (243)  AC: 24    Str: 18    XL:     26
MP:   0/35          EV: 34    Int: 19    God:    Ru [******]
Gold: 12816         SH:  0    Dex: 24    Spells: 6/41 levels left

rFire   + +          .
                       - Unarmed
rCold   + . .        u - orb of the Iron City of Dis {*channel, Will++ Int+2}
rNeg    + + +        (body armour unavailable)
rPois   ∞            I - +2 hat "Magoqy" {Rampage}
rElec   +            m - +2 cloak
rCorr   .            r - +2 pair of gloves
SInv    .            T - +3 pair of seven-league boots {Rampage+∞}
Will    ++++.        c - amulet "Genojel" {Spirit rElec rN+}
Stlth   +++++        Y - ring "Daneuzes" {Int+3 Dex+6 Stlth+}
HPRegen 0.58/turn    d - ring of protection from fire
MPRegen 0.24/turn

%: guardian spirit, rampage+∞, channel magic (20%)
@: death-form, studying 3 skills, lightly drained
A: vile attack, torment immunity, no potions, (breathe fire), AC +12, unfitting
armour, fire resistance 1, cold-blooded, inability to drink after injury 2,
inability to read after injury 2, hated by all, inexperienced 1, mutation
resistance 1, robust 1
}: 9/15 runes: decaying, serpentine, slimy, silver, abyssal, demonic, glowing,
magical, fiery
a: Siphon Essence, Begin Untransformation, Renounce Religion, Draw Out Power,
Power Leap, Apocalypse


You were in Pandemonium.
You worshipped Ru.
Ru was exalted by your worship.
You were an undying horror.
You visited 14 branches of the dungeon, and saw 59 of its levels.
You visited Pandemonium 1 time, and saw 10 of its levels.
You visited the Abyss 3 times.
You also visited: Sewer, Bailey and Volcano.

You collected 14402 gold pieces.
You spent 1586 gold pieces at shops.

Inventory:

Armour
 m - a +2 cloak (worn)
 r - a +2 pair of gloves (worn)
 u - the orb of the Iron City of Dis (worn) {*channel, Will++ Int+2}
   (You found it in Pandemonium)

   Int+2:     It affects your intelligence (+2).
   Will++:    It greatly increases your willpower.
 I - the +2 hat "Magoqy" (worn) {Rampage}
   (You acquired it on level 5 of the Pits of Slime)

   Rampage:   It bestows one free step when moving towards enemies.
 Q - a +5 kite shield of protection
 T - the +3 pair of seven-league boots (worn) {Rampage+∞}
   (You found it on level 2 of the Lair of Beasts)

   Rampage+∞: When moving toward enemies, its wearer moves as far as possible,
   alerting their target en route.
Jewellery
 b - the ring "Zistef" {rN+ Dex+7}
   (You found it on level 5 of the Vaults)

   [ring of positive energy]

   Dex+7:     It affects your dexterity (+7).
   rN+:       It protects you from negative energy.
 c - the amulet "Genojel" (around neck) {Spirit rElec rN+}
   (You took it off a deep elf archer on level 3 of the Elven Halls)

   [amulet of guardian spirit]

   Spirit:    It causes incoming damage to be divided between your reserves of
   health and magic.
   rElec:     It insulates you from electricity.
   rN+:       It protects you from negative energy.
 d - a ring of protection from fire (right hand)
 y - a ring of resist corrosion
 D - a ring of willpower
 F - a ring of flight
 J - a ring of wizardry
 N - the ring of the Chimera {rF+ Will+}
   (You took it off a balrug in Pandemonium)

   [ring of willpower]

   rF+:       It protects you from fire.
   Will+:     It increases your willpower.
 V - a ring of see invisible
 X - a ring of protection from cold
 Y - the ring "Daneuzes" (left hand) {Int+3 Dex+6 Stlth+}
   (You took it off a vault warden on level 5 of the Vaults)

   [ring of dexterity]

   Int+3:     It affects your intelligence (+3).
   Dex+6:     It affects your dexterity (+6).
   Stlth+:    It makes you more stealthy.
Talismans
 w - a talisman of death (active)
 A - a granite talisman
 O - a storm talisman
 R - a maw talisman
Wands
 a - a wand of iceblast (76)
 q - a wand of digging (33)
 t - a wand of acid (85)
 v - a wand of flame (137)
 H - a wand of mindburst (15)
 M - a wand of polymorph (28)
Scrolls
 e - 9 scrolls of vulnerability
 f - 10 scrolls of fog
 g - 6 scrolls of enchant armour
 s - 16 scrolls of teleportation
 z - 5 scrolls of silence
 B - 16 scrolls of fear
 E - 14 scrolls of immolation
 K - 10 scrolls of poison
Potions
 h - 5 potions of cancellation
 i - 24 potions of curing
 j - 11 potions of enlightenment
 k - 7 potions of heal wounds
 l - 7 potions of haste
 n - 7 potions of magic
 o - 7 potions of brilliance
 p - 13 potions of attraction
 x - 6 potions of berserk rage
 C - 13 potions of might
 G - 5 potions of invisibility
 L - 3 potions of ambrosia
 P - a potion of lignification
 S - 11 potions of mutation
 U - 3 potions of resistance


   Skills:
 - Level 15.0 Fighting
 - Level 24.0 Dodging
 - Level 7.0 Stealth
 - Level 10.0 Shields
 - Level 16.0 Unarmed Combat
 - Level 8.0 Spellcasting
 - Level 9.0 Conjurations
 - Level 7.0 Hexes
 * Level 18.8 Necromancy
 - Level 6.0 Translocations
 - Level 8.0 Ice Magic
 - Level 7.0 Air Magic
 - Level 16.0 Alchemy
 O Level 27 Shapeshifting


You had 6 spell levels left.
You knew the following spells:

 Your Spells              Type           Power      Damage    Failure   Level
a - Fugue of the Fallen   Necr           68%        N/A       1%          3
b - Blink                 Tloc           60%        N/A       5%          2
c - Sublimation of Blood  Necr           68%        N/A       1%          2
d - Ozocubu's Armour      Ice            38%        N/A       5%          3
e - Apportation           Tloc           60%        N/A       4%          1
f - Vampiric Draining     Necr           68%        2d10      1%          3
r - Yara's Violent Unrav  Hex/Alch       25%        3d11      9%          5
s - Swiftness             Air            34%        N/A       7%          3
v - Irradiate             Conj/Alch      26%        3d20      7%          5
P - Borgnjor's Revivific  Necr           34%        N/A       47%         8

Your spell library contained the following spells:

 Spells                   Type           Power      Damage    Failure   Level
 Kiss of Death            Conj/Necr      100%       2d13      1%          1
 Necrotise                Necr           100%       1d9       1%          1
 Sting                    Conj/Alch      100%       1d9       1%          1
 Mercury Vapours          Alch/Air       100%       N/A       1%          2
 Olgreb's Toxic Radiance  Alch           62%        N/A       1%          4
 Curse of Agony           Necr           68%        N/A       1%          5
 Magic Dart               Conj           100%       1d8       2%          1
 Freeze                   Ice            100%       1d10      3%          1
 Shock                    Conj/Air       100%       1d9       3%          1
 Slow                     Hex            100%       N/A       3%          1
 Static Discharge         Conj/Air       76%        3-7/arc   3%          2
 Mephitic Cloud           Conj/Alch/Air  48%        N/A       3%          3
 Fulminant Prism          Conj/Alch      26%        3d13      3%          4
 Alistair's Intoxication  Alch           41%        N/A       3%          5
 Ensorcelled Hibernation  Hex/Ice        72%        N/A       4%          2
 Jinxbite                 Hex            68%        N/A       4%          2
 Hailstorm                Conj/Ice       39%        3d9       4%          3
 Lesser Beckoning         Tloc           60%        N/A       5%          2
 Dazzling Flash           Conj/Hex       76%        N/A       5%          3
 Frozen Ramparts          Ice            76%        1d12      5%          3
 Foxfire                  Conj/Fire      96%        2x1d8     6%          1
 Confusing Touch          Hex            34%        N/A       7%          3
 Sigil of Binding         Hex            34%        N/A       7%          3
 Eringya's Noxious Bog    Alch           31%        4d6       8%          6
 Gell's Gravitas          Tloc           30%        N/A       9%          3
 Teleport Other           Tloc           30%        N/A       9%          3
 Ignite Poison            Fire/Alch      38%        N/A       11%         4
 Leda's Liquefaction      Alch/Erth      19%        N/A       11%         4
 Petrify                  Alch/Erth      38%        N/A       11%         4
 Sticky Flame             Fire/Alch      38%        2d8       11%         4
 Stone Arrow              Conj/Erth      48%        3d10      13%         3
 Iskenderun's Mystic Bla  Conj/Tloc      36%        2d9       13%         4
 Airstrike                Air            17%        2d(3-19)  14%         4
 Cause Fear               Hex            17%        N/A       14%         4
 Borgnjor's Vile Clutch   Necr/Erth      21%        N/A       16%         5
 Inner Flame              Hex/Fire       20%        N/A       17%         3
 Vhi's Electric Charge    Tloc/Air       64%        N/A       17%         4
 Iskenderun's Battlesphe  Conj           41%        2d9       17%         5
 Volatile Blastmotes      Fire/Tloc      38%        2d13      21%         3
 Manifold Assault         Tloc           30%        N/A       21%         4
 Passage of Golubria      Tloc           30%        N/A       21%         4
 Sandblast                Erth           14%        2d6       22%         1
 Arcjolt                  Conj/Air       19%        1d29      24%         5
 Freezing Cloud           Conj/Ice/Air   19%        6-21      24%         5
 Metabolic Englaciation   Hex/Ice        18%        N/A       28%         5
 Scorch                   Fire           14%        2d5       32%         2
 Brom's Barrelling Bould  Conj/Erth      24%        2d5       32%         4
 Flame Wave               Conj/Fire      24%        2d8       32%         4
 Silence                  Hex/Air        17%        N/A       32%         5
 Passwall                 Erth           7%         N/A       47%         3
 Fireball                 Conj/Fire      12%        3d7       58%         5
 Conjure Ball Lightning   Conj/Air       19%        3x3d6     67%         6
 Lee's Rapid Deconstruct  Erth           3%         3d5*      98%         5
 Bombard                  Conj/Erth      12%        9d3       98%         6
 Starburst                Conj/Fire      12%        6d5       98%         6
 Plasma Beam              Fire/Air       10%        2x1d21    99%         6
 Orb of Destruction       Conj           20%        9d8       96%         7
 Ozocubu's Refrigeration  Ice            19%        4d11      99%         7
 Enfeeble                 Hex            17%        N/A       100%        7
 Discord                  Hex            17%        N/A       100%        8
 Ignition                 Fire           3%         3d4       100%        8
 Maxwell's Capacitive Co  Air            17%        ∞         100%        8
 Chain Lightning          Conj/Air       19%        3d25      100%        9
 Fire Storm               Conj/Fire      12%        8d3       100%        9
 Polar Vortex             Ice            19%        12d2*     100%        9
 Shatter                  Erth           3%         3d7*      100%        9
 Tukima's Dance           Hex            Unusable   N/A       N/A         3
 Martyr's Knell           Necr/Summ      Unusable   N/A       N/A         4
 Summon Ice Beast         Ice/Summ       Unusable   N/A       N/A         3
 Summon Small Mammal      Summ           Unusable   N/A       N/A         1
 Sculpt Simulacrum        Ice/Alch       Unusable   N/A       N/A         6
 Call Imp                 Summ           Unusable   N/A       N/A         2
 Summon Lightning Spire   Summ/Air       Unusable   N/A       N/A         4
 Summon Forest            Summ/Tloc      Unusable   N/A       N/A         5
 Summon Cactus Giant      Summ           Unusable   N/A       N/A         6
 Summon Hydra             Summ           Unusable   N/A       N/A         7
 Dragon's Call            Summ           Unusable   N/A       N/A         9

Dungeon Overview and Level Annotations

Branches:
Dungeon (15/15)            Temple (1/1) D:7            Lair (5/5) D:11
  Swamp (4/4) Lair:3        Snake (4/4) Lair:2        Slime (5/5) Lair:4
    Orc (2/2) D:11            Elf (3/3) Orc:2        Vaults (5/5) D:13
  Crypt (3/3) Vaults:3       Tomb (0/3) Crypt:3      Depths (4/4) D:15
   Hell (visited)             Dis (2/7) Hell            Geh (0/7) Hell
    Coc (0/7) Hell            Tar (0/7) Hell            Zot (5/5) Depths:4
  Sewer (visited)          Bailey (visited)         Volcano (visited)

Altars:
Ashenzari
Cheibriados
Dithmenos
Elyvilon
Gozag
Kikubaaqudgha
Makhleb
Nemelex Xobeh
Okawaru
Qazlal
Ru
Sif Muna
Trog
Uskayaw
Vehumet
Wu Jian
Xom
Zin
The Shining One

Shops:
D:4 *   D:10 ![   Orc:2 (*[*?:   Elf:1 [   Snake:2 (?*   Depths:1 [
Depths:2 *   Depths:3 *

Portals:
Hell: Depths:2 Depths:3 Depths:4
Abyss: Depths:3
Pandemonium: Depths:2 Depths:4
Ziggurat: Depths:3

Annotations:
D:8 3 runed translucent doors
Temple 2 transporters
Lair:1 2 transporters, Neqioxon's ghost, journeyman MiFi
Elf:2 3 runed translucent doors


Innate Abilities, Weirdness & Mutations

You are an undying horror.
Your melee and unarmed attacks drain, slow and weaken victims.
You are immune to unholy pain and torment.
You cannot drink.
You are immune to poison.
((You can breathe blasts of fire.))
Your fiery red scales are hard. (AC +12)
You cannot fit into any form of body armour.
Your flesh is heat resistant. (rF+)
You are cold-blooded and may be slowed by cold attacks.
You sometimes lose the ability to drink potions when taking damage.
You sometimes lose the ability to read scrolls when taking damage.
You are hated by all.
You are somewhat inexperienced. (-1 XL)
You are somewhat resistant to further mutation.
You are robust. (+10% HP)


Message History

The soul eater attacks as it pursues you!
The soul eater misses you.
The demonspawn black sun begins to pray, but is stunned by your conviction!
The soul eater attacks as it pursues you!
The soul eater misses you.
The soul eater attacks as it pursues you!
The soul eater hits you but does no damage.
The soul eater attacks as it pursues you!
The soul eater barely misses you.
The soul eater attacks as it pursues you!
The soul eater barely misses you.
You pummel the soul eater!!
The soul eater decays.
You tail-slap the soul eater, but do no damage.
The soul eater is moderately wounded.
The soul eater completely misses you.
You pummel the soul eater!!
The soul eater decays.
The soul eater is severely wounded.
You pummel the soul eater!!
You kill the soul eater!
The soul eater hits you.
* * * LOW HITPOINT WARNING * * *
You punch the soul eater!
The soul eater decays.
The soul eater is lightly wounded.
You punch the soul eater!
The soul eater decays.
You tail-slap the soul eater, but do no damage.
The soul eater is moderately wounded.
The demonspawn black sun completely misses you.
You pummel the soul eater!!
The soul eater decays.
You tail-slap the soul eater, but do no damage.
The soul eater is severely wounded.
The demonspawn black sun mumbles some strange prayers to Kikubaaqudgha against you.
You convulse!
* * * LOW HITPOINT WARNING * * *
The soul eater closely misses you.
You cannot drink potions in your current state!
Unknown command.
Okay, then.
The demonspawn black sun attacks as it pursues you!
The demonspawn black sun hits you from afar with a +0 demon trident!
You die...

#...# ######. #...# ##......#
#...# #..##.... #...#
#####.###.#.# #...#
#......#...). #...########
#......##.#.#
#.......3..####......#^....
#...3...6............##.#.#
#...######z..........#.....
#...# #...........##.#?#
####...### #...##.......#....
#........# #...##...........#
#.......)####..............##.
#..........##...##..........##
#.......)#.##...########.####
############)..######## ###
......3./6.............


You could see a demonspawn black sun (black mark) and 2 soul eaters.

Vanquished Creatures
  Cerebov (Pan)
  the Royal Jelly (Slime:5)
  The ghost of bobo the Conqueror, a legendary OnGl of Wu Jian (Zot:5)
  A dread lich (Depths:3)
  4 orbs of fire
  6 ancient liches
  Mara (Swamp:3)
  Mennas (Vaults:4)
  Sojobo (Vaults:4)
  Parghit (Zot:4)
  14 Killer Klowns
  4 curse toes
  2 caustic shrikes (Hell)
  Geryon (Hell)
  18 golden dragons
  Nikola (Swamp:2)
  A bone dragon (Crypt:3)
  2 Tzitzimimeh (Pan)
  A shard shrike zombie (Crypt:3)
  2 profane servitors (Crypt:3)
  4 electric golems
  A Brimstone Fiend (Pan)
  Jorgrun (Snake:3)
  25 Orb Guardians (Zot:5)
  18 tentacled monstrosities
  A Hell Sentinel (Pan)
  3 Ice Fiends (Pan)
  5 hellephants
  7 liches
  Mlioglotl (Swamp:3)
  3 walking frostbound tomes (Pan)
  A deep elf blademaster (Elf:3)
  Gastronok (Lair:3)
  A walking divine tome (Depths:3)
  2 deep elf master archers (Elf:3)
  6 titans
  12 sphinxes
  4 death cobs
  5 Executioners
  6 tentacled starspawn (Abyss:3)
  9 quicksilver dragons
  An ancient champion (Depths:4)
  16 acid blobs
  2 thorn hunters
  4 nagarajas
  11 tengu reavers
  11 shadow dragons
  A daeva (Vaults:1)
  10 rockslimes
  3 fire giants
  A demonspawn warmonger (Pan)
  15 storm dragons
  A fenstrider witch (Pan)
  Roxanne (Swamp:3)
  7 azure jellies
  5 draconian monks
  Aizul (Snake:2)
  8 draconian knights
  6 protean progenitors
  2 revenants
  5 deep elf sorcerers
  The ghost of Hehag the Marksminotaur, a journeyman MiBe of Trog (D:15)
  2 quicksilver elementals (Dis:1)
  11 frost giants
  10 draconian shifters
  3 ghost moths
  4 iron dragons
  A juggernaut zombie (Abyss:3)
  3 draconian scorchers
  Louise (Swamp:3)
  20 balrugs (Pan)
  20 cacodemons
  3 orc warlords
  4 curse skulls
  24 vault wardens
  8 draconian stormcallers
  9 quicksilver oozes
  11 reapers
  10 ghouls
  3 demonspawn corrupters (Pan)
  25 ironbound preservers
  7 formless jellyfish
  15 stone giants
  21 very ugly things
  A caustic shrike skeleton (Pan)
  8 deep elf death magi
  17 green draconians
  8 ironbound thunderhulks
  A juggernaut skeleton (Abyss:3)
  7 demonspawn blood saints (Pan)
  4 draconian annihilators
  10 red draconians
  A rockslime zombie (Crypt:2)
  13 vampire knights
  5 demonspawn black suns (Pan)
  5 lorocyprocas
  7 grey draconians (Zot:2)
  7 black draconians
  8 deep elf demonologists
  6 war gargoyles
  4 bunyips
  11 white draconians
  10 deep elf annihilators
  6 yellow draconians
  17 dire elephants
  8 purple draconians
  7 spark wasps (Depths:3)
  2 quicksilver dragon zombies (Crypt:3)
  2 iron golems (Dis:1)
  3 fire dragons
  9 ettins
  15 green deaths
  A merfolk javelineer (Depths:1)
  8 eidola
  Josephine (D:15)
  An entropy weaver (Vaults:3)
  24 blizzard demons
  6 deep elf high priests
  14 great orbs of eyes
  15 yaktaur captains
  10 jiangshi
  A spectral spriggan (D:15)
  A mummy priest (Crypt:3)
  A shambling mangrove (Swamp:4)
  A merfolk impaler (Depths:1)
  10 ice dragons
  2 salamander tyrants
  44 vault guards
  3 spriggan air magi
  3 hell beasts
  9 hydras
  A peacekeeper (Vaults:3)
  5 boulder beetles
  18 centaur warriors
  13 alligators
  A ghost crab (Swamp:2)
  9 ironbound frosthearts
  13 anacondas
  5 ogre magi
  A sphinx zombie (Depths:2)
  14 dancing weapons
  A spectral frost giant (D:15)
  3 deep troll earth magi
  3 jorogumos (Pan)
  6 death knights
  14 two-headed ogres
  2 vampire magi
  7 tengu warriors
  6 hell hogs
  7 shock serpents
  10 naga sharpshooters
  2 satyrs (Zot:1)
  A bennu skeleton (Crypt:2)
  5 deep troll shamans
  7 thrashing horrors (Abyss:3)
  2 titan zombies (Depths:2)
  4 death yaks (Lair:1)
  16 naga warriors
  2 occultists (Depths:1)
  Urug (Lair:2)
  4 deep elf knights
  36 sun demons
  8 demonic crawlers (Pan)
  A storm dragon zombie (Crypt:3)
  Nergalle (Lair:3)
  An orc high priest (Orc:1)
  7 spriggan berserkers
  7 hell knights
  16 soul eaters
  6 skysharks
  2 crystal echidnas (Dis:1)
  6 iron trolls
  22 sixfirhies
  A salamander mystic (Snake:4)
  4 wretched stars (Abyss:3)
  2 death drakes (Swamp:4)
  3 spatial maelstroms (Abyss:3)
  25 skeletal warriors
  5 shadow wraiths
  Lodul (D:13)
  3 golden dragon zombies
  2 goliath frogs (Swamp:2)
  2 bunyip zombies (Crypt:3)
  A spark wasp zombie (D:15)
  2 glowing orange brains
  2 sea snakes
  57 deep trolls
  A tengu zombie (Depths:2)
  A cherub (Pan)
  4 spriggan druids
  A storm dragon skeleton (Depths:2)
  10 sun moths (Pan)
  6 flayed ghosts
  6 shadow demons (Pan)
  11 mana vipers
  3 arcanists
  11 orc knights
  7 swamp dragons
  22 ironbound convokers
  10 large abominations
  An orange crystal statue (Depths:1)
  Pikel (D:8)
  A lindwurm (Vaults:3)
  11 naga ritualists
  A broodmother zombie (Crypt:2)
  9 bog bodies
  25 deep elf zephyrmancers
  9 deep elf archers
  21 deep elf pyromancers
  38 ugly things
  4 harpies (Vaults:1)
  27 phantasmal warriors
  2 stone giant zombies
  An oklob plant (Swamp:1)
  5 necromancers
  A shadow dragon skeleton (Depths:3)
  An orc sorcerer (D:13)
  7 wolf spiders
  3 fire giant zombies (D:15)
  A shining eye (shapeshifter) (Vaults:4)
  9 salamanders
  A faun (shapeshifter) (Vaults:4)
  A manticore (D:9)
  A worldbinder (Abyss:3)
  2 tengu skeletons
  2 shining eyes
  5 cyclopes
  5 alligator skeletons (Volcano)
  25 moths of wrath
  4 Executioner simulacra (Pan)
  9 rust devils
  A will-o-the-wisp (Swamp:3)
  10 elephants
  A frost giant skeleton (Depths:2)
  2 stone giant skeletons
  23 vault sentinels
  3 fire giant skeletons (Depths:2)
  A dire elephant zombie (Crypt:3)
  10 naga magi
  A centaur zombie (Crypt:3)
  41 black mambas
  3 kobold blastminers
  Joseph (D:8)
  8 gargoyles
  A torpor snail (Lair:5)
  8 guardian serpents
  5 ice statues (Pan)
  A torpor snail (shapeshifter) (D:15)
  2 unseen horrors
  27 smoke demons
  16 cane toads
  An elephant slug zombie (Crypt:2)
  A kobold demonologist (D:11)
  Maggie (Lair:1)
  3 eyes of devastation
  2 hellions (Pan)
  A rime drake (Lair:4)
  An unseen horror zombie (Crypt:2)
  19 orange demons
  46 yaktaurs
  A death yak zombie (Crypt:1)
  A grey draconian zombie (Crypt:1)
  8 komodo dragons
  A mana viper skeleton (Crypt:2)
  A spark wasp simulacrum (D:15)
  15 efreet
  17 freezing wraiths
  6 tormentors
  2 human skeletons
  Psyche (D:11)
  A yaktaur (shapeshifter) (Vaults:4)
  An ancient zyme (Abyss:3)
  4 red devils
  An elf skeleton (Vaults:2)
  2 guardian mummies (Crypt:3)
  An unseen horror skeleton (Crypt:1)
  8 trolls
  6 ice devils
  An iron troll skeleton (Crypt:1)
  4 tengu conjurers
  A catoblepas skeleton (Crypt:1)
  A merfolk (D:11)
  3 harpy zombies (Crypt:3)
  A troll (shapeshifter) (D:13)
  2 polar bears
  10 hornets
  6 tyrant leeches
  4 spriggan zombies
  A harpy skeleton (Volcano)
  3 saltlings (Vaults:4)
  28 hellwings (Pan)
  8 raiju (Abyss:3)
  9 blink frogs
  An ettin zombie (Crypt:3)
  3 snapping turtles (Pan)
  11 dream sheep
  6 glass eyes
  60 slime creatures
  A slime creature (shapeshifter) (Depths:2)
  2 jumping spiders
  An air elemental (Elf:1)
  36 yaks
  10 spriggans
  3 fire elementals
  16 humans (D:13)
  5 shadows
  17 wyverns
  A culicivora (Vaults:3)
  18 wraiths
  4 water elementals
  Grum (D:8)
  25 ynoxinuls (Pan)
  7 steam dragons
  3 basilisks
  17 golden eyes
  5 redbacks
  A human simulacrum (Vaults:2)
  13 chaos spawn
  10 neqoxecs (Pan)
  2 wargs
  12 vampire mosquitoes
  Edmund (D:5)
  A merfolk zombie (Crypt:1)
  17 swamp worms
  38 nagas
  5 acid dragons
  3 spatial vortices (Abyss:3)
  24 water moccasins
  A merfolk skeleton (Crypt:1)
  A water nymph skeleton (Crypt:1)
  21 orc warriors
  2 sky beasts (D:7)
  5 black bears
  An ice beast (shapeshifter) (Elf:2)
  8 swamp drakes
  28 ogres
  7 wolves
  8 laughing skulls
  A crocodile (Orc:2)
  An ogre (shapeshifter) (Elf:3)
  21 centaurs
  3 phantoms
  5 weeping skulls
  28 kobold brigands
  2 gnoll sergeants (D:11)
  4 earth elementals
  5 bullfrogs
  13 necrophages (Crypt:3)
  6 brain worms (Pan)
  A glowing shapeshifter simulacrum (D:15)
  5 small abominations (Abyss:3)
  4 scorpions
  5 wights
  6 wyvern skeletons (Crypt:3)
  A yak zombie (Crypt:2)
  8 killer bees
  2 troll skeletons (Volcano)
  5 electric eels
  2 spriggan skeletons (Volcano)
  6 howler monkeys
  A bombardier beetle (D:5)
  5 crimson imps
  3 lava snakes (Lair:2)
  3 jellies
  A gnoll bouda (D:10)
  17 orc priests
  26 starcursed masses (Abyss:3)
  2 sleepcaps
  8 iguanas
  10 orc wizards
  8 hell rats (Depths:4)
  A mummy (Crypt:3)
  8 gnolls (D:11)
  4 river rats (Sewer)
  4 adders
  2 shadow imps
  A swamp drake skeleton (Crypt:2)
  4 white imps
  5 dart slugs
  A ribbon worm (D:3)
  71 orcs
  12 endoplasms
  6 giant cockroaches (D:4)
  15 goblins
  2 hobgoblins
  9 quokkas
  15 ball pythons
  2 bats
  3 frilled lizards
  40 kobolds
  An orc zombie (Crypt:1)
  22 rats
  6 fire vortices (Pan)
  A lurking horror (Abyss:3)
  A spectral weapon (Zot:2)
  4 starspawn tentacles (Abyss:3)
2915 creatures vanquished.

Vanquished Creatures (others)
  A pandemonium lord (Pan)
  A tentacled monstrosity (Zot:5)
  A deep elf blademaster (Elf:3)
  An acid blob (Slime:4)
  An ancient champion (Depths:4)
  A nagaraja (Pan)
  A tengu reaver (Vaults:4)
  2 vault wardens (Vaults:4)
  A curse skull (Pan)
  An angel (Vaults:1)
  A reaper (Pan)
  A caustic shrike skeleton (Depths:2)
  3 demonspawn blood saints (Pan)
  A demonspawn corrupter (Pan)
  A deep elf demonologist (Elf:3)
  A vampire knight (Depths:2)
  2 war gargoyles
  A purple draconian (Zot:2)
  2 green deaths
  An ettin (Vaults:2)
  A great orb of eyes (Vaults:1)
  An ice dragon (Depths:4)
  2 hydras (Lair:2)
  An alligator (Swamp:1)
  A two-headed ogre (D:10)
  An occultist (Depths:3)
  A demonic crawler (Pan)
  A shock serpent (Snake:3)
  A sun demon (Pan)
  A titan skeleton (Abyss:3)
  3 deep elf knights
  3 deep trolls
  A shadow wraith (Vaults:5)
  2 phantasmal warriors
  A harpy (shapeshifter) (Elf:1)
  A deep elf zephyrmancer (Elf:1)
  A harpy (Vaults:1)
  A deep elf pyromancer (Elf:3)
  A salamander (Snake:3)
  3 moths of wrath
  A rust devil (Depths:4)
  A naga mage (Snake:4)
  A gargoyle (D:13)
  A smoke demon (Pan)
  An eye of devastation (shapeshifter) (Abyss:3)
  A cane toad (Lair:3)
  An ice devil (Pan)
  3 yaktaurs
  A hornet (Depths:2)
  A harpy skeleton (Volcano)
  A hellwing (Pan)
  A vampire (D:11)
  A chaos spawn (Pan)
  A naga (Snake:4)
  A centaur (D:14)
  An orc wizard (D:12)
  A hell rat (Hell)
  3 orcs
  A kobold (D:11)
  18 ball lightnings (Pan)
  2 creeping infernos (Hell)
  A fire vortex (Pan)
  5 foxfires (Swamp:3)
  A lurking horror (Abyss:3)
  15 starspawn tentacles (Abyss:3)
118 creatures vanquished.

Grand Total: 3033 creatures vanquished

Notes
Turn   | Place    | Note
-------+----------+-------------------------------------------
     0 | D:1      | Laraso the Draconian Shapeshifter began the quest for the
                  | Orb.
     0 | D:1      | Reached XP level 1. HP: 16/16 MP: 1/1
    63 | D:1      | Reached XP level 2. HP: 21/23 MP: 2/2
   828 | D:1      | Reached XP level 3. HP: 28/28 MP: 3/3
  1008 | D:2      | Found a stormy altar of Qazlal.
  1458 | D:2      | Reached XP level 4. HP: 35/35 MP: 4/4
  2051 | D:3      | Found a glowing golden altar of the Shining One.
  2109 | D:4      | Reached skill level 5 in Unarmed Combat
  2109 | D:4      | Reached skill level 4 in Shapeshifting
  2109 | D:4      | Reached XP level 5. HP: 40/40 MP: 5/5
  2205 | D:4      | Reached XP level 6. HP: 47/47 MP: 6/6
  2330 | D:4      | Found a glowing drain.
  2361 | Sewer    | Entered a sewer
  3097 | D:4      | You fall into a shaft and drop 1 floor!
  3097 | D:5      | Entered Level 5 of the Dungeon
  3116 | D:5      | Your scales start taking on a fiery red colour.
  3116 | D:5      | Reached XP level 7. HP: 33/52 MP: 7/7
  3116 | D:5      | Gained mutation: Your flesh is heat resistant. (rF+) [Red
                  | Draconian growth]
  3369 | D:4      | Reached skill level 5 in Shapeshifting
  3377 | D:4      | Found Pyhaluwn's Assorted Antiques.
  3380 | D:4      | Bought a cloak for 94 gold pieces
  3598 | D:5      | Noticed Edmund
  3614 | D:5      | Killed Edmund
  4050 | D:6      | Found a shimmering blue altar of Sif Muna.
  4224 | D:6      | Noticed a steam dragon
  4228 | D:6      | Killed a steam dragon
  4229 | D:6      | Reached skill level 5 in Fighting
  4229 | D:6      | Reached skill level 6 in Shapeshifting
  4229 | D:6      | Reached XP level 8. HP: 68/68 MP: 8/8
  4255 | D:6      | Found a sacrificial altar of Ru.
  4537 | D:6      | Reached skill level 7 in Shapeshifting
  4656 | D:6      | Became a worshipper of Ru the Awakened
  4821 | D:7      | Reached skill level 8 in Shapeshifting
  4860 | D:7      | Learned a level 3 spell: Fugue of the Fallen
  4864 | D:7      | Learned a level 3 spell: Ozocubu's Armour
  4953 | D:7      | Reached XP level 9. HP: 68/74 MP: 9/9
  4993 | D:7      | Reached skill level 9 in Shapeshifting
  5181 | D:7      | Found a staircase to the Ecumenical Temple.
  5548 | Temple   | Found a transporter.
  5548 | Temple   | Found a transporter.
  5548 | Temple   | Found a transporter.
  5548 | Temple   | Found a transporter.
  5548 | Temple   | Entered the Ecumenical Temple
  5613 | D:8      | Found an ornate altar of the Wu Jian Council.
  5633 | D:8      | Noticed a death yak
  5634 | D:8      | Found a runed translucent gate.
  5634 | D:8      | Found a runed translucent gate.
  5634 | D:8      | Noticed a polar bear
  5636 | D:8      | Found a runed translucent gate.
  5636 | D:8      | Noticed a polar bear
  5730 | D:8      | Reached skill level 5 in Dodging
  5730 | D:8      | Reached skill level 10 in Shapeshifting
  5771 | D:8      | Noticed Grum
  5781 | D:8      | Reached skill level 1 in Spellcasting
  5785 | D:8      | Killed Grum
  5786 | D:8      | Reached XP level 10. HP: 81/81 MP: 9/12
  5848 | D:8      | Noticed Pikel
  5862 | D:8      | Killed Pikel
  5871 | D:8      | Noticed a two-headed ogre
  5883 | D:8      | Killed a two-headed ogre
  6056 | D:8      | Noticed Joseph
  6064 | D:8      | Killed Joseph
  6065 | D:8      | Reached skill level 11 in Shapeshifting
  6478 | D:8      | Found a bloodstained altar of Trog.
  6478 | D:8      | Found a white marble altar of Elyvilon.
  6955 | D:9      | Reached skill level 12 in Shapeshifting
  7349 | D:9      | Found a hide-covered altar of Uskayaw.
  7456 | D:9      | Reached XP level 11. HP: 29/86 MP: 17/17
  7784 | D:9      | Reached skill level 13 in Shapeshifting
  7840 | D:9      | Found a radiant altar of Vehumet.
  7875 | D:9      | Found a hazy altar of Hepliaklqana.
  7892 | D:9      | Reached skill level 1 in Necromancy
  8108 | D:10     | Entered Level 10 of the Dungeon
  8110 | D:10     | Found Hyisiag's Antique Armour Emporium.
  8123 | D:10     | Reached skill level 1 in Ice Magic
  8287 | D:10     | Found Booppe's Distillery.
  8292 | D:10     | Bought a potion of berserk rage for 60 gold pieces
  8386 | D:10     | Found a flagged portal.
  8422 | D:10     | Gained mutation: You are somewhat inexperienced. (-1 XL)
                  | [Ru sacrifice]
  8422 | D:10     | Reached XP level 10. HP: 81/81 MP: 16/16
  8422 | D:10     | Reached * piety under Ru
  8425 | Bailey   | Entered a bailey
  8526 | Bailey   | Noticed an orc knight
  8554 | Bailey   | Killed an orc knight
  8917 | Bailey   | Found a burning altar of Makhleb.
  9310 | D:10     | Noticed a deep elf zephyrmancer
  9311 | D:10     | Noticed a wolf spider
  9344 | D:10     | Killed a deep elf zephyrmancer
  9378 | D:10     | Paralysed by a hornet for 2 turns
  9607 | D:10     | Killed a wolf spider
  9608 | D:10     | Reached skill level 5 in Necromancy
  9685 | D:10     | Noticed a two-headed ogre
  9697 | D:10     | Killed a two-headed ogre
  9739 | D:10     | Noticed a two-headed ogre
  9750 | D:10     | Killed a two-headed ogre
  9825 | D:10     | Reached XP level 11. HP: 86/86 MP: 17/17
  9833 | D:10     | Noticed a two-headed ogre
  9841 | D:10     | Killed a two-headed ogre
  9842 | D:10     | Reached skill level 5 in Ice Magic
 10314 | D:10     | Found the +5 robe of Misfortune {Harm *Corrode *Slow EV+5}
 10360 | D:10     | Noticed a two-headed ogre
 10364 | D:10     | Killed a two-headed ogre
 10964 | D:11     | Reached skill level 14 in Shapeshifting
 11054 | D:11     | Found a staircase to the Orcish Mines.
 11718 | D:11     | Found a staircase to the Lair.
 12009 | D:11     | Noticed Psyche
 12015 | D:11     | Killed Psyche
 12514 | Lair:1   | Entered Level 1 of the Lair of Beasts
 12754 | D:11     | Found a glowing silver altar of Zin.
 13008 | Lair:1   | Noticed Maggie
 13019 | Lair:1   | Killed Maggie
 13020 | Lair:1   | Gained mutation: You occasionally lose the ability to drink
                  | potions when taking damage. [Ru sacrifice]
 13020 | Lair:1   | Gained mutation: You sometimes lose the ability to drink
                  | potions when taking damage. [Ru sacrifice]
 13020 | Lair:1   | Reached ** piety under Ru
 13020 | Lair:1   | Reached *** piety under Ru
 13082 | Lair:1   | Found a transporter.
 13239 | Lair:1   | Found a transporter.
 13250 | Lair:1   | Noticed Neqioxon's ghost (journeyman MiFi)
 13629 | Lair:1   | Noticed a death yak
 13650 | Lair:1   | Killed a death yak
 13700 | Lair:1   | Noticed a death yak
 13700 | Lair:1   | Noticed a death yak
 13701 | Lair:1   | Noticed a death yak
 13724 | Lair:1   | Killed a death yak
 13725 | Lair:1   | Reached XP level 12. HP: 91/94 MP: 12/18
 13733 | Lair:1   | Reached skill level 10 in Unarmed Combat
 13733 | Lair:1   | Reached skill level 15 in Shapeshifting
 13848 | Lair:1   | Identified the +6 sling of Dishonour {heavy, rF+ Dex-4
                  | Stlth+}
 14844 | Lair:2   | Found a staircase to the Snake Pit.
 15196 | Lair:2   | Noticed Urug
 15248 | Lair:2   | Killed Urug
 15350 | Lair:2   | Found the +3 pair of seven-league boots {Rampage+∞}
 15598 | Lair:3   | Gained mutation: You occasionally lose the ability to read
                  | scrolls when taking damage. [Ru sacrifice]
 15598 | Lair:3   | Gained mutation: You sometimes lose the ability to read
                  | scrolls when taking damage. [Ru sacrifice]
 15598 | Lair:3   | Reached **** piety under Ru
 15598 | Lair:3   | Reached ***** piety under Ru
 15796 | Lair:3   | Noticed Gastronok
 15810 | Lair:3   | Killed Gastronok
 15884 | Lair:3   | Noticed Nergalle
 15977 | Lair:3   | Killed Nergalle
 16201 | Lair:3   | Found a staircase to the Swamp.
 16429 | Lair:3   | Identified the +3 falchion "Neigosef" {heavy, Will+ Dex+5}
 17671 | Lair:4   | Reached XP level 13. HP: 54/100 MP: 19/19
 17942 | Lair:4   | Found a viscous altar of Jiyva.
 17947 | Lair:4   | Found a staircase to the Slime Pits.
 18368 | Lair:5   | Entered Level 5 of the Lair of Beasts
 18381 | Lair:5   | Gained mutation: You are hated by all. [Ru sacrifice]
 18381 | Lair:5   | Reached ****** piety under Ru
 18393 | Lair:5   | Reached skill level 16 in Shapeshifting
 18677 | Lair:5   | Found a dark tunnel.
 18686 | Volcano  | Entered a volcano
 20250 | Lair:5   | Reached skill level 15 in Unarmed Combat
 20463 | Lair:5   | Identified the +1 robe of Gat Bula {Rampage Int+5}
 21506 | D:13     | Noticed Lodul
 21509 | D:13     | Reached XP level 14. HP: 105/105 MP: 10/20
 21521 | D:13     | Killed Lodul
 21523 | D:13     | Reached skill level 17 in Shapeshifting
 21679 | D:13     | Found a gate to the Vaults.
 23017 | D:14     | Got the Tome of Sand
 23070 | D:14     | Got Ts'ui Pên's Volume of Forking Paths
 23077 | D:14     | Got the Almanac of Combed Thunderclap
 23489 | D:15     | Entered Level 15 of the Dungeon
 23489 | D:15     | Found a runed translucent gate.
 23489 | D:15     | Found a runed translucent gate.
 23489 | D:15     | Found a runed translucent gate.
 23501 | D:15     | Noticed Hehag's ghost (journeyman MiBe)
 24013 | D:15     | Found a staircase to the Depths.
 24082 | D:15     | Found an ornate altar of the Wu Jian Council.
 24146 | D:15     | Identified a scroll of acquirement
 24148 | D:15     | Acquired 523 gold pieces
 24154 | D:15     | Noticed Josephine
 24168 | D:15     | Killed Josephine
 24455 | D:15     | Killed Hehag's ghost
 24636 | D:15     | Gained mutation: You are robust. (+10% HP) [potion of
                  | mutation]
 24636 | D:15     | Gained mutation: You are somewhat resistant to further
                  | mutation. [potion of mutation]
 24709 | Orc:1    | Entered Level 1 of the Orcish Mines
 24884 | Orc:1    | Reached skill level 10 in Fighting
 25133 | Orc:2    | Entered Level 2 of the Orcish Mines
 25168 | Orc:2    | Found Diymmiam's CLEARANCE SALE!.
 25176 | Orc:2    | Bought a scroll of teleportation for 9 gold pieces
 25176 | Orc:2    | Bought a scroll of identify for 6 gold pieces
 25176 | Orc:2    | Bought a scroll of poison for 12 gold pieces
 25295 | Orc:2    | Noticed Sonja
 25298 | Orc:2    | Sonja changed into Sonja the crocodile
 25298 | Orc:2    | Noticed Sonja
 25305 | Orc:2    | Killed Sonja the crocodile
 25323 | Orc:2    | Found Ethrawnuma's Weapon Boutique.
 25377 | Orc:2    | Found a staircase to the Elven Halls.
 25507 | Orc:2    | Paralysed by an ogre mage for 3 turns
 25511 | Orc:2    | Reached skill level 18 in Shapeshifting
 25511 | Orc:2    | Reached XP level 15. HP: 138/138 MP: 13/21
 25615 | Orc:2    | Found Nanogack's Antique Armour Boutique.
 25615 | Orc:2    | Found Gyvan's Assorted Antiques.
 25616 | Orc:2    | Found Itekh's Magic Scroll Emporium.
 25616 | Orc:2    | Found Orofakk's Book Shop.
 25624 | Orc:2    | Bought a scroll of blinking for 112 gold pieces
 25626 | Orc:2    | Bought a scroll of identify for 68 gold pieces
 25626 | Orc:2    | Bought a scroll of identify for 68 gold pieces
 25629 | Orc:2    | Bought a scroll of poison for 60 gold pieces
 25629 | Orc:2    | Bought a scroll of identify for 30 gold pieces
 25629 | Orc:2    | Bought a scroll of poison for 60 gold pieces
 26009 | Swamp:1  | Entered Level 1 of the Swamp
 26054 | Swamp:1  | Noticed a thorn hunter
 26067 | Swamp:1  | Killed a thorn hunter
 27640 | Swamp:2  | Noticed Nikola
 27651 | Swamp:2  | Killed Nikola
 27861 | Swamp:3  | Noticed Mara
 27865 | Swamp:3  | Noticed Laraso's illusion
 27976 | Swamp:3  | Noticed Laraso's illusion
 27989 | Swamp:3  | Killed Mara
 28018 | Swamp:3  | Noticed Mlioglotl
 28216 | Swamp:3  | Killed Mlioglotl
 28322 | Swamp:3  | Noticed Louise
 28331 | Swamp:3  | Killed Louise
 28412 | Swamp:3  | Reached skill level 10 in Dodging
 28453 | Swamp:3  | Noticed Roxanne
 28473 | Swamp:3  | Killed Roxanne
 28702 | Swamp:4  | Entered Level 4 of the Swamp
 28820 | Swamp:4  | Noticed a thorn hunter
 28829 | Swamp:4  | Killed a thorn hunter
 29327 | Swamp:4  | Reached skill level 19 in Shapeshifting
 29359 | Swamp:4  | Reached XP level 16. HP: 119/147 MP: 22/22
 29865 | Swamp:4  | Got a decaying rune of Zot
 30226 | Snake:1  | Entered Level 1 of the Snake Pit
 30436 | Snake:1  | Reached skill level 1 in Shields
 31416 | Snake:2  | Reached skill level 5 in Shields
 31792 | Snake:2  | Found Peehosoi's Firing Range.
 32072 | Snake:2  | Identified the serpent talisman "Wyenlilo" {Str+4 Stlth+}
 32072 | Snake:2  | Noticed Aizul
 32083 | Snake:2  | Killed Aizul
 32451 | Snake:2  | Found Taufuoj's Magic Scroll Boutique.
 32452 | Snake:2  | Found Erphec's General Store.
 33755 | Snake:3  | Noticed Jorgrun
 33764 | Snake:3  | Killed Jorgrun
 34232 | Snake:4  | Entered Level 4 of the Snake Pit
 34288 | Snake:4  | Reached XP level 17. HP: 154/154 MP: 23/23
 34548 | Snake:4  | Reached skill level 20 in Shapeshifting
 34974 | Snake:4  | Reached skill level 10 in Shields
 35457 | Snake:4  | Got a serpentine rune of Zot
 35859 | Vaults:1 | Entered Level 1 of the Vaults
 36087 | Vaults:1 | Identified the +1 tower shield of Hubris {*Corrode rPois
                  | Will++}
 37492 | Vaults:1 | Found a runed translucent gate.
 37492 | Vaults:1 | Found a runed translucent gate.
 37492 | Vaults:1 | Found a runed translucent gate.
 37810 | Vaults:1 | Found a glowing golden altar of the Shining One.
 38285 | Vaults:2 | Reached XP level 18. HP: 161/161 MP: 24/24
 38568 | Vaults:2 | Found a huge runed translucent gate.
 38568 | Vaults:2 | Found a huge runed translucent gate.
 38568 | Vaults:2 | Found a huge runed translucent gate.
 38568 | Vaults:2 | Found a huge runed translucent gate.
 38568 | Vaults:2 | Found a huge runed translucent gate.
 38568 | Vaults:2 | Found a huge runed translucent gate.
 38568 | Vaults:2 | Found a huge runed translucent gate.
 38569 | Vaults:2 | Found a huge runed translucent gate.
 38569 | Vaults:2 | Found a huge runed translucent gate.
 38569 | Vaults:2 | Found a huge runed translucent gate.
 38569 | Vaults:2 | Found a huge runed translucent gate.
 38569 | Vaults:2 | Found a huge runed translucent gate.
 38571 | Vaults:2 | Found a huge runed translucent gate.
 38572 | Vaults:2 | Found a huge runed translucent gate.
 38573 | Vaults:2 | Found a huge runed translucent gate.
 38574 | Vaults:2 | Found a huge runed translucent gate.
 38575 | Vaults:2 | Found a huge runed translucent gate.
 38575 | Vaults:2 | Found a huge runed translucent gate.
 38604 | Vaults:2 | Found a huge runed translucent gate.
 38604 | Vaults:2 | Found a huge runed translucent gate.
 38605 | Vaults:2 | Found a huge runed translucent gate.
 38605 | Vaults:2 | Found a huge runed translucent gate.
 38607 | Vaults:2 | Found a huge runed translucent gate.
 38608 | Vaults:2 | Found a huge runed translucent gate.
 38609 | Vaults:2 | Found a huge runed translucent gate.
 38610 | Vaults:2 | Found a huge runed translucent gate.
 38610 | Vaults:2 | Found a huge runed translucent gate.
 38615 | Vaults:2 | Found a huge runed translucent gate.
 38616 | Vaults:2 | Found a huge runed translucent gate.
 38616 | Vaults:2 | Found a huge runed translucent gate.
 38616 | Vaults:2 | Found a huge runed translucent gate.
 38616 | Vaults:2 | Found a huge runed translucent gate.
 38619 | Vaults:2 | Found a huge runed translucent gate.
 38620 | Vaults:2 | Found a huge runed translucent gate.
 38639 | Vaults:2 | Found a huge runed translucent gate.
 38639 | Vaults:2 | Found a huge runed translucent gate.
 38724 | Vaults:2 | Got the Catalogue of the Fiery Cumulonimbus
 39096 | Vaults:2 | Reached skill level 21 in Shapeshifting
 39222 | Vaults:2 | Reached skill level 15 in Dodging
 39358 | Vaults:2 | Identified the amulet of Dim Light {Faith *Corrode +Blink
                  | rPois Stlth+}
 40789 | Vaults:3 | Found a staircase to the Crypt.
 41812 | Vaults:4 | Reached skill level 22 in Shapeshifting
 41953 | Vaults:4 | Reached XP level 19. HP: 37/149 MP: 17/25
 42884 | Vaults:4 | Paralysed by a sphinx for 3 turns
 42936 | Vaults:4 | Paralysed by a formless jellyfish for 1 turns
 43261 | Vaults:4 | Identified the +1 ring mail "Nucsidd" {rF- Int+4}
 43684 | Vaults:4 | Identified the +9 morningstar "Jast" {spect, rF+ rC+ Int-2}
 43901 | Vaults:4 | Identified the +5 great mace "Taih" {freeze, Dex+3}
 44936 | Elf:1    | Entered Level 1 of the Elven Halls
 45263 | Elf:1    | Identified the orb of Ravioli {*channel, rCorr Dex+4
                  | Stlth-}
 45325 | Elf:1    | Found Epesuos's Antique Armour Shoppe.
 45525 | Elf:1    | Reached skill level 23 in Shapeshifting
 46164 | Elf:2    | Found a runed translucent gate.
 46164 | Elf:2    | Found a runed translucent gate.
 46166 | Elf:2    | Found a runed translucent gate.
 46609 | Elf:3    | Entered Level 3 of the Elven Halls
 47528 | Elf:3    | Reached XP level 20. HP: 191/194 MP: 26/26
 47716 | Elf:3    | Reached skill level 15 in Fighting
 47944 | Elf:3    | Identified the amulet "Genojel" {Spirit rElec rN+}
 48276 | Elf:3    | Got Muoreu Liol's Dissertation on Debased Deeds and Metal
 48307 | Elf:3    | Identified the staff "Bobol" {Str+3 Conj}
 48352 | Elf:3    | Identified the ring of Herr {Fire Str+2 Dex+4}
 48405 | Elf:3    | Identified the staff "Avvutz" {rF+ rN+ Int-4 Dex+2 Earth}
 48984 | Crypt:1  | Entered Level 1 of the Crypt
 49775 | Crypt:2  | Reached skill level 24 in Shapeshifting
 50411 | Crypt:3  | Entered Level 3 of the Crypt
 51241 | Crypt:3  | Identified the staff of Death {rPois Will+ Alchemy}
 51625 | Crypt:3  | Found a staircase to the Tomb.
 51817 | Crypt:3  | Reached skill level 25 in Shapeshifting
 51985 | Crypt:3  | Noticed a profane servitor
 52029 | Crypt:3  | Noticed a profane servitor
 52056 | Crypt:3  | Killed a profane servitor
 52075 | Crypt:3  | Killed a profane servitor
 52152 | Crypt:3  | Identified the ring of Fiastriwo {^Drain rElec MP+9 Int+2}
 52312 | Crypt:3  | Learned a level 3 spell: Vampiric Draining
 52315 | Crypt:3  | Learned a level 2 spell: Blink
 52319 | Crypt:3  | Learned a level 3 spell: Swiftness
 52393 | Crypt:3  | Reached XP level 21. HP: 202/202 MP: 27/27
 52804 | Crypt:3  | Identified the +4 dagger of Integrity {venom, *Noise rN+
                  | rCorr Dex+8}
 53139 | Depths:1 | Entered Level 1 of the Depths
 53332 | Depths:1 | Identified the +4 hand cannon of Ystrut {heavy, ^Contam Fly
                  | rPois Str+3}
 53456 | Depths:1 | Found Kagaum's Superior Scales.
 53603 | Depths:1 | Noticed a golden dragon
 53627 | Abyss:3  | Cast into level 3 of the Abyss (an occultist)
 53779 | Abyss:3  | Reached skill level 1 in Stealth
 53798 | Abyss:3  | Found a corrupted altar of Lugonu.
 54058 | Abyss:3  | Found a corrupted altar of Lugonu.
 54216 | Depths:1 | Escaped the Abyss
 54266 | Depths:1 | Killed a golden dragon
 54714 | Depths:1 | Reached skill level 5 in Stealth
 54787 | Depths:1 | Noticed a juggernaut
 54788 | Depths:1 | Noticed a juggernaut
 54906 | Depths:1 | You are sucked into a shaft and drop 1 floor!
 54911 | Depths:2 | Acquired the amulet "Oxuest" {Acrobat rC+}
 55032 | Depths:2 | Found Uxai's Assorted Antiques.
 55651 | Depths:2 | Found a one-way gate leading to the halls of Pandemonium.
 55868 | Depths:2 | Paralysed by something for 3 turns
 55915 | Depths:2 | Paralysed by a vampire knight for 2 turns
 56110 | Depths:2 | Found a gateway to Hell.
 56124 | Depths:2 | Reached skill level 1 in Translocations
 56775 | Depths:3 | Learned a level 2 spell: Sublimation of Blood
 56781 | Depths:3 | Learned a level 5 spell: Yara's Violent Unravelling
 56787 | Depths:3 | Learned a level 5 spell: Irradiate
 56892 | Depths:3 | Acquired 842 gold pieces
 56903 | Depths:3 | Found a one-way gate to the infinite horrors of the Abyss.
 56979 | Depths:3 | Reached skill level 1 in Conjurations
 56979 | Depths:3 | Reached skill level 1 in Air Magic
 56979 | Depths:3 | Reached skill level 1 in Alchemy
 57010 | Depths:3 | Reached skill level 1 in Hexes
 57010 | Depths:3 | Reached XP level 22. HP: 211/211 MP: 28/28
 57015 | Depths:3 | Reached skill level 26 in Shapeshifting
 57015 | Depths:3 | Reached XP level 23. HP: 218/218 MP: 29/29
 57686 | Depths:3 | Found Orgha's Assorted Antiques.
 57690 | Depths:3 | Bought a scroll of fog for 176 gold pieces
 57690 | Depths:3 | Bought a scroll of fog for 176 gold pieces
 58314 | Depths:3 | Found a one-way gateway to a ziggurat.
 58314 | Depths:3 | Noticed a dread lich
 58352 | Depths:3 | Killed a dread lich
 58353 | Depths:3 | Reached skill level 5 in Translocations
 58662 | Depths:4 | Entered Level 4 of the Depths
 59033 | Depths:4 | Found a gate to the Realm of Zot.
 61524 | Vaults:5 | Entered Level 5 of the Vaults
 61527 | Vaults:5 | Reached skill level 5 in Conjurations
 61527 | Vaults:5 | Reached skill level 5 in Air Magic
 61527 | Vaults:5 | Reached skill level 5 in Alchemy
 61681 | Vaults:5 | Noticed Mennas
 61703 | Vaults:4 | Reached skill level 5 in Hexes
 61765 | Vaults:4 | Killed Mennas
 61950 | Vaults:5 | Identified the ring "Ilunydde" {Fire Will+ rCorr Int-4}
 62422 | Vaults:5 | Identified the ring "Daneuzes" {Int+3 Dex+6 Stlth+}
 62815 | Vaults:4 | Reached XP level 24. HP: 122/221 MP: 17/29
 62992 | Vaults:5 | Identified the ring "Juun Own" {rElec MP+9 Str+6 Int-2
                  | SInv}
 63312 | Vaults:5 | Noticed Sojobo
 63443 | Vaults:4 | Killed Sojobo
 64208 | Vaults:5 | Identified the +6 orcbow of Severance {freeze, ^Drain rF++
                  | Str+4}
 64417 | Vaults:5 | Identified the staff "Goisod" {Dex+2 Earth}
 64549 | Vaults:5 | Identified the +9 falchion of Qujoov {drain, Int+2}
 64561 | Vaults:5 | Got a silver rune of Zot
 64589 | Vaults:5 | Identified the ring "Zistef" {rN+ Dex+7}
 64895 | Vaults:5 | Identified the +8 dagger "Qesogoah" {venom, ^Fragile rPois
                  | Will+++ Str-5}
 64908 | Vaults:5 | Identified the +5 spear "Feusafe" {freeze, Int+2}
 64915 | Vaults:5 | Identified the +3 hand axe of Gluttony {elec, *Noise rElec
                  | rPois rC+}
 64919 | Vaults:5 | Identified the +3 rapier of the Ghost {flame, ^Drain rPois
                  | rF+ Str+3}
 65491 | D:10     | Bought a potion of might for 48 gold pieces
 65491 | D:10     | Bought a potion of berserk rage for 60 gold pieces
 65491 | D:10     | Bought a potion of heal wounds for 60 gold pieces
 65491 | D:10     | Bought a potion of brilliance for 48 gold pieces
 65491 | D:10     | Bought a potion of curing for 36 gold pieces
 65491 | D:10     | Bought a potion of magic for 96 gold pieces
 65583 | Orc:2    | Bought a scroll of vulnerability for 60 gold pieces
 65583 | Orc:2    | Bought a scroll of torment for 142 gold pieces
 65583 | Orc:2    | Bought a scroll of teleportation for 45 gold pieces
 65583 | Orc:2    | Bought a scroll of fear for 60 gold pieces
 65783 | Zot:1    | Entered Level 1 of the Realm of Zot
 65883 | Depths:3 | Voluntarily entered the Abyss.
 66059 | Abyss:3  | Paralysed by accursed screaming for 1 turns
 66093 | Depths:3 | Escaped the Abyss
 66280 | Depths:3 | Voluntarily entered the Abyss.
 66280 | Abyss:3  | Found a corrupted altar of Lugonu.
 66502 | Abyss:3  | Found a corrupted altar of Lugonu.
 66507 | Abyss:3  | Got an abyssal rune of Zot
 66537 | Depths:3 | Escaped the Abyss
 67023 | Slime:1  | Entered Level 1 of the Pits of Slime
 67097 | Slime:2  | Reached skill level 10 in Alchemy
 67326 | Slime:5  | Entered Level 5 of the Pits of Slime
 67672 | Slime:5  | Noticed the Royal Jelly
 67684 | Slime:5  | Killed the Royal Jelly
 67860 | Slime:5  | Identified the +11 arbalest of Cuhankya {antimagic, rPois
                  | rN+ Str+3}
 67888 | Slime:5  | Acquired the +2 hat "Magoqy" {Rampage}
 67902 | Slime:5  | Got the Papyrus of the Fairies
 68135 | Slime:5  | Got a slimy rune of Zot
 68207 | Slime:5  | Identified the +2 plate armour of the Pleiades {rElec rN++}
 68208 | Slime:5  | Identified the +5 quarterstaff "Lacuh" {freeze, rPois}
 68277 | Slime:5  | Identified the +8 falchion of the Past {speed, rPois
                  | Stlth+}
 69121 | Zot:1    | Reached skill level 27 in Shapeshifting
 69467 | Zot:1    | Reached XP level 25. HP: 223/224 MP: 29/29
 70422 | Zot:1    | Found a burning altar of Makhleb.
 71050 | Zot:2    | Noticed an ancient lich
 71057 | Zot:2    | Killed an ancient lich
 71349 | Zot:2    | Reached skill level 15 in Alchemy
 73575 | Zot:4    | Found a stormy altar of Qazlal.
 73586 | Zot:4    | Noticed an orb of fire
 73593 | Zot:4    | Killed an orb of fire
 73828 | Zot:4    | Noticed Parghit
 73833 | Zot:4    | Killed Parghit
 74371 | Zot:5    | Entered Level 5 of the Realm of Zot
 74398 | Zot:5    | Reached XP level 26. HP: 229/243 MP: 27/29
 74629 | Zot:5    | Found a runed translucent door.
 74629 | Zot:5    | Noticed bobo's ghost (legendary OnGl)
 74655 | Zot:5    | Killed bobo's ghost
 74662 | Zot:5    | Identified the ring of Surprise {Fire rCorr Str-4 Slay+5
                  | Stlth-}
 75223 | Zot:5    | Noticed an orb of fire
 75239 | Zot:5    | Noticed an ancient lich
 75240 | Zot:5    | Noticed an ancient lich
 75242 | Zot:5    | Noticed an orb of fire
 75246 | Zot:5    | Killed an orb of fire
 75251 | Zot:5    | Killed an ancient lich
 75280 | Zot:5    | Killed an orb of fire
 75290 | Zot:5    | Noticed an ancient lich
 75291 | Zot:5    | Killed an ancient lich
 75557 | Zot:5    | Killed an ancient lich
 76449 | Zot:5    | Noticed an ancient lich
 76528 | Zot:5    | Noticed an orb of fire
 76563 | Zot:5    | Killed an orb of fire
 76579 | Zot:5    | Killed an ancient lich
 76904 | Zot:5    | Noticed an ancient lich
 76926 | Zot:5    | Killed an ancient lich
 77763 | Hell     | Entered the Vestibule of Hell
 77763 | Hell     | Noticed Geryon
 79149 | Hell     | Killed Geryon
 79317 | Hell     | Found a gateway to the freezing wastes of Cocytus.
 79363 | Hell     | Found a gateway to the ashen valley of Gehenna.
 79518 | Hell     | Found a gateway to the decaying netherworld of Tartarus.
 79558 | Hell     | Found a gateway to the Iron City of Dis.
 79655 | Dis:1    | Entered Level 1 of the Iron City of Dis
 80523 | Pan      | Entered Pandemonium
 81897 | Pan      | Found a transporter.
 82069 | Pan      | Found a transporter.
 82569 | Pan      | Entered the realm of Cerebov.
 82609 | Pan      | Found an exit through the horrors of the Abyss.
 82881 | Pan      | Reached skill level 10 in Necromancy
 83079 | Pan      | Identified the ring "Ruroj" {rElec Str+6 Int+5 Dex+2}
 83114 | Pan      | Identified the +8 quarterstaff of Arbitration {vamp, MP+9
                  | Dex+9 SInv}
 83369 | Pan      | Found the +6 sword of Cerebov {flame}
 83369 | Pan      | Noticed Cerebov
 83369 | Pan      | Identified the ring of the Chimera {rF+ Will+}
 83406 | Pan      | Killed Cerebov
 83705 | Pan      | Identified the +4 scale mail of the Amorous God {rCorr
                  | Dex+3}
 83706 | Pan      | Identified the +3 helmet of Monotheism {Harm Str+4 Int-4}
 83711 | Pan      | Identified the staff "Lugot" {rElec rF+ rN+ Will+ Necro}
 83757 | Pan      | Identified the +2 helmet "Lupuehysch" {rN+ Dex+2 SInv
                  | Stlth+}
 83794 | Pan      | Got a fiery rune of Zot
 84063 | Pan      | Entered the realm of Lom Lobon.
 84138 | Pan      | Learned a level 1 spell: Apportation
 84649 | Pan      | Reached skill level 5 in Spellcasting
 84997 | Pan      | Paralysed by a fenstrider witch for 4 turns
 85872 | Pan      | Learned a level 8 spell: Borgnjor's Revivification
 86036 | Pan      | Noticed Lom Lobon
 86555 | Pan      | Got a magical rune of Zot
 87581 | Pan      | Paralysed by accursed screaming for 1 turns
 87587 | Pan      | Reached skill level 15 in Necromancy
 87887 | Pan      | Noticed Lom Lobon
 88510 | Pan      | Noticed Woh Nuhe the pandemonium lord
 88543 | Pan      | Killed Woh Nuhe the pandemonium lord
 88897 | Pan      | Got a demonic rune of Zot
 89029 | Pan      | Entered the realm of Mnoleg.
 89207 | Pan      | Identified the orb of the Iron City of Dis {*channel,
                  | Will++ Int+2}
 90068 | Pan      | Noticed Mnoleg
 90284 | Pan      | Got a glowing rune of Zot
 90301 | Pan      | Entered the realm of Gloorx Vloq.
 90668 | Pan      | HP: 4/232 [demonspawn black sun/dispel undead (37)]
 90669 | Pan      | Mangled by a demonspawn black sun

Illustrated notes

Levels and vault maps discovered:
D:1:      minmay_arrival_shoal_huts, layout_loops_corners
D:2:      layout_loops_ring, basic_altar, hangedman_decor_clover_reticule,
          nicolae_underground_beach
D:3:      layout_rooms, tso_altar
D:4:      layout_basic, serial_shops, nicolae_shop_behind_doors,
          gup_sewer_entry_pipe
D:5:      layout_cave_pools, uniq_edmund
D:6:      layout_rooms, amcnicky_altar_gilded, overflow_temple_1_default,
          minmay_misc_feat_encased, minmay_nine_imps
D:7:      layout_rooms, minmay_temple_entry_junction, serial_corexii_hall,
          chequers_hall_statues_y, chequers_hall_statues_wall_a
D:8:      lemuel_bear_cage, layout_loops_ring,
          mainiacjoe_overflow_six_doors_small, gammafunk_temple_overflow_statue,
          nrook_loot_triangle, grunt_ministairs_14, uniq_pikel, uniq_grum,
          uniq_joseph
D:9:      layout_cave_pools, nicolae_uskayaw_murder_on_the_dancefloor,
          mainiacjoe_overflow_catch_the_wave
D:10:     nzn_winding_woodlands_three_and_one
          [nzn_winding_woodlands_5x15_longhouse, nzn_winding_woodlands_5x15_eye,
          nzn_winding_woodlands_5x15_pockets,
          nzn_winding_woodlands_center_garden], layout_long_grid, serial_shops,
          nicolae_diamond_shop, nicolae_shop_back_alley_shop, enter_bailey_5,
          grunt_decor_fettered, worms_lemuel
D:11:     layout_roguey [special_room_orc], lair_entry_dummy,
          kennysheep_orc_monster_closet_entryway, special_room
          [special_room_kobold], roadster_trireme, uniq_psyche
D:12:     layout_irregular_city
D:13:     layout_big_octagon, david_vaults_3, serial_rivers,
          chequers_serial_rivers_small_a, chequers_serial_rivers_micro_d,
          chequers_serial_rivers_micro_a, chequers_serial_rivers_room_b,
          chequers_serial_rivers_small_a
D:14:     layout_basic, kennysheep_another_room, bh_hangedman_babel_library
D:15:     hangedman_depths_entry_civil_slaughter, layout_loops_cross,
          gammafunk_ghost_necromancy, pdpol_wu_jian_five_deadly_venoms,
          uniq_josephine
Temple:   hellmonk_temple_divided_pantheon
Lair:1:   layout_gridlike, gammafunk_ghost_berserking_beasts, uniq_maggie
Lair:2:   layout_misc_corridors, nicolae_snake_entry_warm_welcome,
          hellmonk_guarded_unrand_seven_league_boots, infiniplex_staircase_pool,
          uniq_urug
Lair:3:   layout_regular_city, skrybe_swamp_entry_bodies, grunt_megastairs_5,
          lemuel_fruit_tree, uniq_nergalle, uniq_gastronok
Lair:4:   layout_long_grid, slime_entry_2
Lair:5:   guppyfry_lair_end_dragon, layout_layer_cave,
          hangedman_lair_tendril_chambers, nicolae_volcano_entry_two_sided
Swamp:1:  layout_basic_swamp, nicolae_swamp_ascending_descending,
          nicolae_swamp_oklob_treasure_island
Swamp:2:  layout_falls_marsh, serial_swamp_ruin, hangedman_swamp_ruin_wall,
          evilmike_swamp_ruin_house_1, evilmike_swamp_ruin_house_4,
          swamp_pool_4, uniq_nikola
Swamp:3:  layout_falls_marsh, evilmike_swamp_ruin_house_3, uniq_mlioglotl,
          uniq_louise, uniq_roxanne, uniq_mara
Swamp:4:  swamp_vile, layout_basic_swamp, swamp_pool_5,
          nicolae_swamp_little_swirl, nicolae_swamp_drake_lake
Snake:1:  layout_basic, nicolae_triple_integral
Snake:2:  layout_layer_cave, nicolae_wooded_promenade, drop_trap,
          nicolae_shop_firing_range, uniq_aizul
Snake:3:  layout_cave_town, basic_altar, grunt_megastairs_3, uniq_jorgrun
Snake:4:  hellmonk_snake_rune_quicksilver_temple, layout_gridlike, basic_altar,
          serial_bayou_pond_b, nicolae_snake_gridmaze_spiral
Slime:1:  layout_caves, basic_altar
Slime:2:  layout_caves
Slime:3:  layout_caves
Slime:4:  layout_caves
Slime:5:  slime_pit_nicolae_amoeboid
Orc:1:    layout_diamond_mine
Orc:2:    st_orc_ogre_mass, layout_caves, serial_shops, shop, basic_altar,
          nicolae_shop_clearance, uniq_sonja
Elf:1:    layout_geoelf_octagon, serial_shops, nicolae_shop_dealshenge,
          hangedman_elven_crosses_minicolossus
Elf:2:    nicolae_elf_blades_splatter_lattice [grunt_blade_entry_basic],
          layout_gridlike, minmay_misc_feat_five
Elf:3:    elf_hall_gauntlet_wide, layout_geoelf_castle, drop_trap
Vaults:1: nicolae_vaults_mitosis, nicolae_vaults_offset_grid_hallway_1,
          hangedman_vaults_stretched_pinwheel, nicolae_vaults_tetromino_Z_1,
          nicolae_vaults_little_squares_1, hangedman_vaults_cutoff,
          nicolae_vaults_bisected_slash, nicolae_vaults_trapezoid_layered,
          nicolae_vaults_wine_cellar, wander_protected_by_tso,
          nicolae_vaults_what_the_h, layout_vaults_omnibox
Vaults:2: ontoclasm_vaults_claustrophobia, nicolae_vaults_twisting_passages,
          ontoclasm_vaults_hangar, v_misc_3, door_vault, v_alt_pattern_4,
          nicolae_vaults_house_2, nicolae_vaults_more_shelving_1,
          dpeg_vaults_monster_box, vaults_room_hallway, vaults_dpeg_hooks,
          layout_vaults_omnicross
Vaults:3: minmay_crypt_entry_simple_round, nicolae_vaults_storage_closets_1,
          nicolae_vaults_shrinking_rooms_2, nicolae_vaults_steering_wheel,
          nicolae_vaults_offset_grid_hallway_3, hangedman_vaults_locks,
          v_misc_30, v_misc_9, nicolae_vaults_tetromino_L_1,
          layout_vaults_quadrants, serial_shops
Vaults:4: portal_desolation_entry_salt, st_greater_box_1, v_misc_29,
          nicolae_vaults_house_1, hangedman_vaults_trim, grunt_vaults_swirl,
          nicolae_vaults_puzzle_piece, ontoclasm_vaults_misaligned, v_pattern_2,
          vaults_room_stairs_pillars, nicolae_vaults_closet_pinwheel_3,
          nicolae_vaults_storage_room_water, layout_vaults_maze_bifur
Vaults:5: serial_shops, uniq_sojobo, uniq_mennas
Crypt:1:  layout_rooms
Crypt:2:  layout_rooms
Crypt:3:  evilmike_haunted_forest
Depths:1: gammafunk_depths_water_palace, layout_gridville,
          grunt_hell_entry_dis_old, nicolae_two_hexagons,
          gammafunk_ghost_tricky_traps, minmay_gold_behind_fungi, minivault_15,
          hellmonk_scale_shop
Depths:2: hangedman_screamer, layout_cave_pools, rand_demon_pan_entry_1,
          hell_entry, serial_shops, nicolae_shop_tiny_statue_garden,
          minislime_mu
Depths:3: minmay_three_patterns, layout_gridlike, enter_ziggurat_c, abyss_entry,
          serial_shops, shop, grunt_metal_band, minmay_holes,
          infiniplex_staircase_hallway_doors, firewood_loft
Depths:4: evilmike_zot_entry_argh, layout_gridlike, hell_entry, pan_entry,
          minmay_misc_feat_rows
Hell
Dis:1:    layout_gridville
Dis:2:    hangedman_dis_monolith, layout_regular_city
Zot:1:    nicolae_zot_draconian_monastery, layout_onion_interference
Zot:2:    ebering_greatest_show_in_zot, layout_gridlike,
          regret_index_zotdec_tunneler
Zot:3:    layout_cathedral_of_symmetry
Zot:4:    layout_gridlike, regret_index_zotdec_storm_pass, uniq_parghit
Zot:5:    layout_cathedral_of_symmetry, gammafunk_ghost_grave
Pan:      gammafunk_dig_for_victory, layout_chambers, pan_blood_fountain_2,
          cerebov_grunt, layout_cellular_growth, nicolae_pan_mnolegish_2,
          evilmike_mini_pan_corner, layout_irregular_city,
          pan_blood_fountain_small, lom_lobon_spiral_st, layout_rooms,
          pan_blood_fountain_small, rand_demon_5, layout_chambers,
          evilmike_mini_pan_corner, layout_basic, rand_demon_6,
          layout_gridville, uniq_lom_lobon, grunt_pan_frozen_over, layout_basic,
          mnoleg_st, layout_small_grid, nicolae_pan_sigil_obb,
          nicolae_pan_cerebovesque_2, evilmike_gloorx_vloq_box, layout_gridlike,
          nicolae_pan_gloorx_vloqian_3

Skill      XL: |  1  2  3  4  5  6  7  8  9 10 11 12 13 14 15 16 17 18 19 20 21 22 23 24 25 26 |
---------------+-------------------------------------------------------------------------------+-----
Unarmed Combat | 4 5 6 7 9 13 15 16 | 16.0
Shapeshifting  | 4 6 8 10 12 14 15 16 18 19 20 22 23 25 26 27 | 27.0
Fighting       | 5 10 14 15 | 15.0
Dodging        | 5 6 11 12 14 16 18 24 | 24.0
Spellcasting   | 1 4 8 |  8.0
Necromancy     | 5 6 7 9 18 | 18.8
Ice Magic      | 4 6 8 |  8.0
Shields        | 8 10 | 10.0
Stealth        | 7 |  7.0
Translocations | 4 6 |  6.0
Conjurations   | 1 6 9 |  9.0
Air Magic      | 1 6 7 |  7.0
Alchemy        | 1 6 12 16 | 16.0
Hexes          | 1 6 7 |  7.0

Action                     |  1- 3 |  4- 6 |  7- 9 | 10-12 | 13-15 | 16-18 | 19-21 | 22-24 | 25-27 || total
---------------------------+-------+-------+-------+-------+-------+-------+-------+-------+-------++-------
  Melee: Unarmed           |    79 |   187 |   204 |  1211 |  1106 |  1591 |  2642 |  1632 |  3215 || 11867
         Tailslap          |    12 |    14 |    30 |   245 |   220 |   313 |   628 |   424 |   661 ||  2547
         Punch             |     2 |     6 |     6 |       |   106 |    13 |       |    13 |   139 ||   285
         Maw               |       |       |       |       |       |    21 |   466 |       |       ||   487
         Constrict         |       |       |       |       |       |     1 |       |       |       ||     1
   Cast: Fugue of the Fall |       |       |       |    12 |    12 |    21 |     8 |     1 |       ||    54
         Ozocubu's Armour  |       |       |       |    22 |    24 |    45 |    42 |    11 |     6 ||   150
         Blink             |       |       |       |       |       |       |       |     6 |     2 ||     8
         Irradiate         |       |       |       |       |       |       |       |     2 |    60 ||    62
         Apportation       |       |       |       |       |       |       |       |       |    11 ||    11
         Yara's Violent Un |       |       |       |       |       |       |       |       |     1 ||     1
 Invoke: Sacrifice Experie |       |       |       |     1 |       |       |       |       |       ||     1
         Reject Sacrifices |       |       |       |     1 |       |       |       |       |       ||     1
         Draw Out Power    |       |       |       |     1 |     3 |     2 |     3 |       |     2 ||    11
         Sacrifice Drink   |       |       |       |     1 |       |       |       |       |       ||     1
         Sacrifice Words   |       |       |       |     1 |       |       |       |       |       ||     1
         Power Leap        |       |       |       |       |     6 |    13 |    21 |     8 |     7 ||    55
         Apocalypse        |       |       |       |       |     5 |     4 |     3 |     9 |     4 ||    25
         Sacrifice Love    |       |       |       |       |     1 |       |       |       |       ||     1
Ability: Breathe Fire      |       |       |    18 |    65 |     3 |       |       |       |       ||    86
         Begin Untransform |       |       |     1 |       |     2 |     1 |       |       |       ||     4
         Blinkbolt         |       |       |       |       |       |       |       |     5 |    16 ||    21
         Siphon Essence    |       |       |       |       |       |       |       |     1 |     6 ||     7
  Evoke: Wand              |       |       |       |       |     1 |       |     3 |     5 |       ||     9
    Use: Scroll            |       |    12 |     1 |     7 |    16 |     5 |    11 |     9 |    19 ||    80
         Potion            |       |     2 |       |     2 |     2 |     1 |     4 |     1 |    13 ||    25
   Stab: Sleeping          |     1 |     1 |     1 |       |       |     4 |       |     5 |    15 ||    27
         Distracted        |       |     1 |       |       |    14 |     7 |    24 |     9 |    45 ||   100
         Invisible         |       |       |       |     3 |     9 |     3 |    13 |     5 |    18 ||    51
         Paralysed         |       |       |       |       |     8 |     9 |    15 |    13 |    10 ||    55
         Confused          |       |       |       |       |       |     3 |     5 |       |       ||     8
 Armour: Skin              |    35 |   140 |    79 |   670 |   742 |  1111 |  1069 |   517 |  1018 ||  5381
  Dodge: Dodged            |    40 |    80 |   118 |  1321 |  1115 |  1654 |  1573 |   776 |  3034 ||  9711
  Block: Kite shield       |       |       |       |       |       |  1323 |  1863 |   994 |  1487 ||  5667
   Form: Beast             |       |       |     1 |       |       |       |       |       |       ||     1
         Flux              |       |       |     1 |       |       |       |       |       |       ||     1
         Statue            |       |       |       |       |     3 |     3 |     2 |     3 |     5 ||    16
         Maw               |       |       |       |       |       |     2 |     5 |       |     1 ||     8
         Serpent           |       |       |       |       |       |     2 |       |       |       ||     2
         Death             |       |       |       |       |       |       |     4 |     6 |     7 ||    17
                           |       |       |       |       |       |       |     1 |     2 |     1 ||     4
         Storm             |       |       |       |       |       |       |       |     3 |     9 ||    12

Table legend: (Time is in decaauts)
 A = Elapsed time spent in this place.
 B = Non-inter-level travel time spent in this place.
 C = Inter-level travel time spent in this place.
 D = Time resting spent in this place.
 E = Time spent auto-exploring this place.
 F = Levels seen in this place.
 G = Mean time per level.
                   A        B        C        D        E       F      G
               +--------+--------+--------+--------+--------+-----+--------+
         Total | 102908 |  96171 |   6737 |  25184 |  40652 |  75 | 1372.1 |
       Dungeon |  18208 |  16620 |   1588 |   2973 |  10139 |  15 | 1213.9 |
        Temple |     25 |     18 |      7 |      0 |      0 |   1 |   25.0 |
          Lair |   8613 |   7738 |    875 |   1188 |   4864 |   5 | 1722.6 |
         Swamp |   6148 |   5809 |    339 |   1795 |   2421 |   4 | 1537.0 |
     Snake Pit |   7718 |   7314 |    404 |    702 |   4988 |   4 | 1929.5 |
    Slime Pits |   1714 |   1621 |     93 |    312 |    418 |   5 |  342.8 |
  Orcish Mines |   1895 |   1651 |    244 |    273 |   1023 |   2 |  947.5 |
   Elven Halls |   3767 |   3539 |    228 |    357 |   1325 |   3 | 1255.7 |
        Vaults |  15982 |  14831 |   1151 |   4890 |   5857 |   5 | 3196.4 |
         Crypt |   5744 |   5147 |    597 |    987 |   1681 |   3 | 1914.7 |
        Depths |  10327 |   9487 |    840 |   3829 |   2677 |   4 | 2581.8 |
          Hell |    821 |    766 |     55 |    273 |    277 |   1 |  821.0 |
           Dis |    451 |    451 |      0 |    224 |      0 |   2 |  225.5 |
           Zot |   8425 |   8115 |    310 |   2859 |   3087 |   5 | 1685.0 |
         Abyss |    973 |    973 |      0 |    177 |     70 |   3 |  324.3 |
   Pandemonium |  10139 |  10139 |      0 |   3831 |   1208 |  10 | 1013.9 |
         Sewer |    608 |    608 |      0 |     26 |    311 |   1 |  608.0 |
        Bailey |    565 |    565 |      0 |    289 |    108 |   1 |  565.0 |
       Volcano |    776 |    776 |      0 |    196 |    193 |   1 |  776.0 |
               +--------+--------+--------+--------+--------+-----+--------+

Top non-repeatable levels by time:
Vaults:4: 5607 daAuts
Depths:3: 3958 daAuts
 Crypt:3: 3477 daAuts
Vaults:3: 3259 daAuts
Vaults:2: 3231 daAuts
Depths:4: 2996 daAuts
Vaults:1: 2728 daAuts
   Zot:5: 2623 daAuts
    D:10: 2435 daAuts
    D:11: 2316 daAuts
    D:14: 2314 daAuts
   Zot:1: 2257 daAuts
  Lair:5: 2189 daAuts
Depths:2: 2138 daAuts
 Swamp:4: 2118 daAuts
